 Dungeon Crawl Stone Soup version 0.29.1-2-gbd0b4ee654 (webtiles) character file.

Game seed: 11250101879778906404

60 Ivernyr the Ogre Mage (level 4, -9/42 HPs)
             Began as an Ogre Air Elementalist on Nov 3, 2022.
             Mangled by a gnoll
             ... wielding a +3 halberd
              (16 damage)
             ... on level 2 of the Dungeon.
             The game lasted 00:06:27 (2351 turns).

Ivernyr the Ogre Mage (Ogre Air Elementalist)       Turns: 2351, Time: 00:06:28

Health: -9/42      AC:  3    Str: 12    XL:     4   Next: 4%
Magic:  5/9        EV: 10    Int: 18    God:
Gold:   102        SH:  0    Dex:  9    Spells: 7/10 levels left

rFire   + . .      SeeInvis .   (no weapon)
rCold   . . .      Faith    .   (no shield)
rNeg    . . .      Spirit   .   a - +0 robe
rPois   .          Reflect  .   (helmet restricted)
rElec   .          Harm     .   (no cloak)
rCorr   .          Rampage  .   (gloves unavailable)
Will    .....                   (boots unavailable)
Stlth   +.........              (no amulet)
HPRegen 0.14/turn               h - ring of protection from fire
MPRegen 0.11/turn               (no ring)

@: very slightly contaminated
A: large, unfitting armour, tough skin 1
a: no special abilities


You were on level 2 of the Dungeon.
You visited 1 branch of the dungeon, and saw 2 of its levels.

You collected 102 gold pieces.

Inventory:

Armour
 a - a +0 robe (worn)
Jewellery
 h - a ring of protection from fire (left hand)
Scrolls
 c - 3 scrolls of identify {unknown}
 e - a scroll of teleportation {unknown}
Potions
 b - a potion of magic
 d - a potion of brilliance {unknown}
 f - 2 potions of curing {unknown}
 g - a potion of lignification {unknown}
 i - a potion of degeneration {unknown}


   Skills:
 + Level 1.9 Fighting
 + Level 2.3 Dodging
 - Level 1.4 Stealth
 * Level 3.5 Spellcasting
 - Level 0.8 Conjurations
 + Level 3.0 Air Magic


You had 7 spell levels left.
You knew the following spells:

 Your Spells              Type           Power      Damage    Failure   Level
a - Shock                 Conj/Air       40%        1d5       7%          1
b - Static Discharge      Conj/Air       10%        3-5/arc   11%         2

Your spell library contained the following spells:

 Spells                   Type           Power      Damage    Failure   Level
 Swiftness                Air            14%        N/A       13%         3
 Apportation              Tloc           6%         N/A       16%         1
 Necrotise                Necr           12%        1d4       16%         1
 Summon Small Mammal      Summ           12%        N/A       16%         1
 Airstrike                Air            7%         2d(1-17)  41%         4


Dungeon Overview and Level Annotations

Branches:
Dungeon (2/15)

Altars:


Innate Abilities, Weirdness & Mutations

You are too large for most types of armour.
You have tough skin. (AC +1)


Message History

The gnoll hits you from afar with a +3 halberd.
Unknown command.
Casting: Shock (safe; 7% risk of failure)
Confirm with . or Enter, or press ? or * to list all spells.
Aiming: Shock (safe; 7% risk of failure)
Press: ? - help, Shift-Dir - straight line The zap hits the gnoll.
The gnoll is moderately wounded.
The zap hits the gnoll.
The gnoll is moderately wounded.
The zap hits the gnoll.
The gnoll is moderately wounded.
The zap hits the gnoll.
The gnoll is heavily wounded.
The gnoll hits you with a +0 flail.
The gnoll hits you from afar with a +3 halberd!
* * * LOW HITPOINT WARNING * * *
Casting: Shock (safe; 7% risk of failure)
Confirm with . or Enter, or press ? or * to list all spells.
Aiming: Shock (safe; 7% risk of failure)
Press: ? - help, Shift-Dir - straight line You miscast Shock.
Nothing appears to happen.
The gnoll barely misses you.
The gnoll hits you from afar with a +3 halberd.
* * * LOW HITPOINT WARNING * * *
Unknown command.
Casting: Shock (safe; 7% risk of failure)
Confirm with . or Enter, or press ? or * to list all spells.
Aiming: Shock (safe; 7% risk of failure)
Press: ? - help, Shift-Dir - straight line The zap hits the gnoll.
The gnoll is heavily wounded.
The zap hits the gnoll.
The gnoll is heavily wounded.
The zap hits the gnoll.
The gnoll is severely wounded.
The zap hits the gnoll.
The gnoll is almost dead.
The gnoll barely misses you.
The gnoll hits you from afar with a +3 halberd!
You die...

..###...g. #.#
#####.# #.# g.!
...<##.##.# #.# #.#
##....†## ##g#
####.#### #.#
....## #g#
#.......# #.# ##.##
#.# #.......# #.#
..
#.#####.......###.#
#.##..............#
#.##..........#####
#.gg@###......####
####.# #.........#
#.###.#.#####.#
#.....#.# #.#
###.###.# #.# #.#
#.# #.# #.# #.#
#.#### #.# #.#
#..... #.# #<#
######


You could see 2 gnolls.

Vanquished Creatures
  2 adders (D:2)
  A gnoll (D:2)
  6 endoplasms
  5 goblins (D:1)
  3 hobgoblins (D:1)
  4 jackals (D:2)
  2 kobolds (D:1)
  2 quokkas
  A ball python (D:1)
  A bat (D:2)
  A frilled lizard (D:1)
  2 rats (D:1)
30 creatures vanquished.

Notes
Turn   | Place    | Note
-------+----------+-------------------------------------------
     0 | D:1      | Ivernyr the Ogre Air Elementalist began the quest for the
                  | Orb.
     0 | D:1      | Reached XP level 1. HP: 16/16 MP: 3/3
    59 | D:1      | Found a faded altar of an unknown god.
   164 | D:1      | Reached XP level 2. HP: 17/26 MP: 0/5
   279 | D:1      | Learned a level 2 spell: Static Discharge
   358 | D:1      | Reached skill level 1 in Fighting
  1253 | D:1      | Reached XP level 3. HP: 33/33 MP: 4/7
  2221 | D:2      | Reached XP level 4. HP: 42/42 MP: 7/9
  2351 | D:2      | Mangled by a gnoll

Illustrated notes

Levels and vault maps discovered:
D:1:      scummos_arrival_gate, layout_loops_ring,
          hellmonk_ecumenical_altar_lost_god, minmay_pentomino_o2
D:2:      layout_loops_ring, basic_altar

Skill      XL: |  1  2  3 |
---------------+----------+-----
Fighting       | 1 |  1.9
Dodging        | 2 |  2.3
Spellcasting   | 3 |  3.5
Air Magic      | 3 |  3.0
Stealth        | |  1.4
Conjurations   | |  0.8

Action                   |  1- 3 |  4- 6 || total
-------------------------+-------+-------++-------
Melee: Unarmed           |    43 |     9 ||    52
 Cast: Shock             |    71 |    13 ||    84
Armor: Robe              |    11 |     8 ||    19
Dodge: Dodged            |    27 |    13 ||    40
